Map: Oceanborn LE

Players

SKillous - Winner!

  • Race: Protoss Protoss
  • League: Grandmaster
  • Spawn Location: 5:00

sebesdes

  • Race: Protoss Protoss
  • League: Grandmaster
  • Spawn Location: 11:00

Event: HomeStory Cup XXV

VOD

Have the link to the VOD?

Description

Time

  • Played on: June 21, 2024, 12:41 p.m.
  • Length: 7:16

All games in this series

Show
View Real Time Build Order
Export as new Build Order

SKillous Protoss - Winner!

Build Orders: Phoenix Opening 

Get SALT Encoding   

  12  0:00  Probe  
  13  0:12  Probe  
  14  0:17  Pylon  
  14  0:24  Probe (Chrono Boost)  
  15  0:36  Gateway, Probe (Chrono Boost)  
  16  0:44  Probe (Chrono Boost)  
  16  0:46  Assimilator  
  17  0:51  Probe  
  17  0:54  Assimilator  
  18  1:03  Probe (Chrono Boost)  
  19  1:07  Gateway  
  20  1:12  Probe (Chrono Boost)  
  20  1:17  Probe (Chrono Boost)  
  20  1:24  Cybernetics Core  
  21  1:29  Probe  
  22  1:34  Pylon  
  22  1:41  Probe  
  23  1:53  Probe  
  24  2:00  Stalker x2  
  24  2:01  Warp Gate  
  28  2:07  Pylon  
  28  2:10  Probe  
  29  2:22  Probe  
  30  2:31  Sentry  
  32  2:43  Nexus  
  32  2:49  Sentry  
  35  2:57  Robotics Facility  
  34  3:00  Probe  
  34  3:03  Phoenix  
  35  3:07  Pylon  
  35  3:10  Sentry  
  35  3:12  Probe  
  38  3:24  Probe  
  39  3:36  Twilight Council, Probe  
  40  3:41  Warp Prism (Chrono Boost)  
  42  3:51  Probe  
  43  3:56  Probe  
  44  4:03  Probe  
  44  4:07  Immortal (Chrono Boost)  
  44  4:09  Probe  
  50  4:12  Resonating Glaives (Chrono Boost)  
  50  4:15  Probe  
  51  4:22  Shield Battery  
  52  4:30  Gateway  
  51  4:37  Immortal (Chrono Boost)  
  55  4:43  Gateway  
  55  4:47  Gateway  
  55  4:51  Gateway  
  55  4:57  Shield Battery  
  55  5:03  Adept  
  55  5:04  Adept  
  55  5:05  Probe  
  60  5:08  Probe  
  60  5:14  Pylon  
  61  5:15  Pylon  
  61  5:35  Adept x3  
  67  5:38  Adept  
  67  5:41  Adept  
  71  5:46  Adept x2  
  73  5:50  Probe x2  
  73  5:53  Pylon  
  75  5:58  Pylon  
  75  6:08  Immortal (Chrono Boost)  
  75  6:10  Pylon  
  79  6:16  Probe  
  80  6:26  Adept x5  
  82  6:50  Adept x5  
Show
View Real Time Build Order
Export as new Build Order

sebesdes Protoss 

Build Orders:  

Get SALT Encoding   

  12  0:00  Probe  
  13  0:12  Probe  
  14  0:16  Pylon  
  14  0:24  Probe (Chrono Boost)  
  16  0:36  Gateway, Probe (Chrono Boost)  
  16  0:43  Probe (Chrono Boost)  
  16  0:45  Assimilator  
  17  0:50  Probe  
  17  0:54  Assimilator  
  18  1:03  Probe (Chrono Boost)  
  19  1:07  Gateway  
  20  1:12  Probe (Chrono Boost)  
  20  1:17  Probe (Chrono Boost)  
  20  1:24  Cybernetics Core  
  21  1:29  Pylon  
  21  1:33  Probe  
  22  1:45  Probe  
  23  2:00  Stalker  
  23  2:01  Warp Gate  
  27  2:05  Sentry  
  27  2:11  Pylon  
  27  2:30  Nexus  
  27  2:31  Probe  
  27  2:36  Sentry  
  30  2:41  Shield Battery  
  30  2:44  Probe  
  30  2:54  Robotics Facility  
  30  2:58  Probe (Chrono Boost)  
  31  3:05  Sentry  
  31  3:07  Probe (Chrono Boost)  
  31  3:12  Probe (Chrono Boost)  
  34  3:17  Pylon  
  35  3:25  Probe  
  36  3:37  Probe  
  36  3:38  Warp Prism (Chrono Boost)  
  37  3:45  Probe  
  40  3:50  Sentry x2  
  40  3:53  Probe  
  45  3:57  Probe  
  45  4:00  Pylon  
  46  4:05  Probe  
  46  4:09  Probe  
  48  4:17  Stalker  
  48  4:18  Probe  
  48  4:22  Twilight Council  
  51  4:29  Probe  
  51  4:30  Stalker, Immortal (Chrono Boost)  
  54  4:32  Probe  
  59  4:39  Pylon  
  59  4:41  Probe (Chrono Boost)  
  61  4:50  Probe (Chrono Boost)  
  62  4:53  Probe (Chrono Boost)  
  62  4:58  Adept x2  
  62  4:59  Resonating Glaives, Probe (Chrono Boost)  
  67  5:01  Gateway  
  67  5:02  Gateway, Probe  
  68  5:11  Assimilator  
  68  5:28  Pylon  
  68  5:30  Pylon  
  68  5:37  Gateway  
  68  5:39  Gateway  
  68  5:43  Immortal (Chrono Boost)  
  68  5:45  Adept  
  68  5:46  Adept  
  68  5:49  Shield Battery  
  76  5:56  Adept  
  78  5:57  Adept  
  78  5:59  Gateway  
  80  6:08  Gateway  
  80  6:13  Stalker x2  
  82  6:31  Probe  
  75  6:35  Adept  
  75  6:45  Adept x2  
  75  6:46  Probe  
  78  6:53  Pylon  
  74  6:56  Pylon  
  74  6:57  Probe  
  74  7:00  Adept x2  
  74  7:01  Adept  
  69  7:03  Probe  
Tags
 
Add a new tag
Caveats
  • Supply blocks, unpowered buildings, or Contaminate may cause inaccurate times.
  • Supply counts are checked every 10 seconds.